AoeStats
← Cinnamoroll

African Clearing

506301770Analyzed
4v4 RM · 19d ago on Sep 13, 2026· 59m 45s· 8 players
Game mode
Random Map
Map size
Large (8 player)
Population
200
Speed
Normal
Resources
Standard
Victory
Conquest
Starting age
Dark Age
Ending age
Imperial Age
RankedLock teamsTeams togetherTeam positionsShared explorationLock speedFull tech treeHidden civsTurbo modeCheats
Victory
Defeat
🇹🇼 Ethiopians · Taiwan
1954
+5
🇹🇼 Georgians · Taiwan
1944
+6
🇹🇼 Lithuanians · Taiwan
1908
+7
🇹🇼 Portuguese · Taiwan
1846
+9
🇨🇳 Huns · China
1857
-12
🇲🇽 Sicilians · Mexico
1657
-6
🇨🇦 Bohemians · Canada
1602
-5
🇺🇸 Turks · United States
1584
-4
Mcriddler
4:04 Loom
13:06 Feudal Age
16:54 Castle Age
20:39 Husbandry
21:02 Town Watch
24:09 Horse Collar
28:46 Scale Barding Armor
29:25 Bloodlines
31:24 Forging
33:56 Padded Archer Armor
33:46 Fletching
33:56 Padded Archer Armor
35:43 Gold Mining
37:39 Double-Bit Axe
39:18 Ballistics
38:58 Bodkin Arrow
41:48 Thumb Ring
47:44 Imperial Age
45:58 Bow Saw
46:59 Leather Archer Armor
47:39 Gold Shaft Mining
48:30 Masonry
49:16 Parthian Tactics
48:27 Heavy Cavalry Archer
49:46 Bracer
51:04 Sipahi
51:55 Wheelbarrow
54:59 Architecture
55:18 Bombard Tower
54:40 Treadmill Crane
54:56 Murder Holes
55:38 Ring Archer Armor
56:13 Chain Barding Armor
58:35 Plate Barding Armor
Cinnamoroll
12:13 Loom
15:15 Feudal Age
18:55 Castle Age
17:25 Fishing Lines
17:34 Double-Bit Axe
19:37 Horse Collar
21:18 Bow Saw
21:04 Gillnets
23:08 Fervor
27:02 Scale Mail Armor
27:12 Forging
26:35 Pikeman
27:15 Squires
28:42 Sanctity
29:48 Wheelbarrow
30:55 Chain Mail Armor
35:16 Imperial Age
33:47 Chemistry
32:55 Devotion
33:17 Fletching
34:08 Bodkin Arrow
35:03 Iron Casting
35:03 Redemption
35:25 Capped Ram
36:59 Conscription
38:11 Plate Mail Armor
39:52 Guilds
40:23 Houfnice
41:48 Padded Archer Armor
41:48 Bracer
45:18 Leather Archer Armor
45:26 Guilds
47:52 Ring Archer Armor
47:40 Siege Engineers
48:42 Elite Skirmisher
52:32 Blast Furnace
52:29 Hand Cart
52:00 Town Watch
52:37 Halberdier
[KT]MonkeY
4:04 Loom
12:09 Feudal Age
12:39 Double-Bit Axe
13:08 Town Watch
14:57 Fletching
18:03 Arson
27:44 Castle Age
26:37 Stone Mining
34:29 Horse Collar
41:45 Imperial Age
40:40 Bow Saw
40:33 Heavy Plow
40:54 Bodkin Arrow
41:39 Gold Mining
42:50 Wheelbarrow
43:37 Masonry
43:30 Capped Ram
46:15 Bracer
46:44 Ballistics
47:24 Chemistry
47:56 Scale Barding Armor
48:02 Forging
48:47 Hand Cart
47:59 Cavalier
48:39 Husbandry
49:29 Bloodlines
50:31 Light Cavalry
52:21 Chain Barding Armor
53:38 Plate Barding Armor
爱人跟人走
11:52 Loom
14:11 Feudal Age
15:16 Double-Bit Axe
17:07 Padded Archer Armor
17:33 Fletching
33:04 Castle Age
32:38 Town Watch
38:22 Bow Saw
42:33 Horse Collar
44:05 Heavy Plow
50:28 Wheelbarrow
52:31 Gold Mining
55:34 Imperial Age
55:41 Imperial Age
53:58 Marauders
54:39 Gold Shaft Mining
55:21 Hand Cart
55:16 Scale Barding Armor
55:22 Forging
55:28 Bloodlines
55:23 Husbandry
56:24 Chain Barding Armor
56:41 Iron Casting
56:49 Conscription
57:52 Plate Barding Armor
58:21 Elite Tarkan
[LuB]夢夢
3:51 Loom
12:49 Feudal Age
16:47 Castle Age
15:36 Double-Bit Axe
17:40 Scale Barding Armor
17:48 Bow Saw
21:18 Horse Collar
24:22 Bloodlines
26:30 Husbandry
30:20 Wheelbarrow
31:06 Forging
31:34 Gold Mining
31:35 Stone Mining
32:14 Chain Barding Armor
36:47 Imperial Age
34:42 Fletching
34:55 Padded Archer Armor
36:02 Leather Archer Armor
36:40 Hand Cart
38:32 Chemistry
37:13 Treadmill Crane
38:05 Ring Archer Armor
37:29 Town Watch
38:17 Coinage
39:51 Stone Shaft Mining
38:43 Pikeman
39:24 Squires
39:25 Scale Mail Armor
40:01 Conscription
41:37 Elite Skirmisher
43:09 Tower Shields
43:09 Hill Forts
43:35 Fletching
46:34 Thumb Ring
48:00 Ballistics
48:55 Banking
50:25 Bodkin Arrow
50:47 Chain Mail Armor
51:09 Plate Barding Armor
50:06 Light Cavalry
50:50 Winged Hussar
52:33 Hoardings
53:04 Town Patrol
53:44 Iron Casting
54:55 Cavalier
56:05 Paladin
59:19 Masonry
GKT_Cloud
10:44 Feudal Age
11:28 Double-Bit Axe
14:01 Forging
15:26 Loom
20:06 Castle Age
18:54 Scale Barding Armor
19:25 Bloodlines
20:16 Horse Collar
20:25 Light Cavalry
22:34 Bow Saw
28:03 Sanctity
29:49 Wheelbarrow
30:48 Town Watch
35:11 Imperial Age
33:37 Gold Mining
33:38 Stone Mining
34:42 Fletching
34:54 Padded Archer Armor
34:40 Elite Skirmisher
36:41 Bodkin Arrow
43:06 Bracer
43:27 Ballistics
44:58 Chemistry
45:00 Conscription
45:36 Hand Cart
45:55 Chain Barding Armor
45:18 Treadmill Crane
47:17 Guard Tower
47:46 Leather Archer Armor
50:09 Keep
49:19 Elite Monaspa
50:37 Plate Barding Armor
53:34 Svan Towers
53:19 Arrowslits
56:56 Heavy Plow
60:42 Iron Casting
[LuB]a61
8:42 Loom
11:49 Feudal Age
17:23 Horse Collar
19:01 Scale Barding Armor
19:00 Town Watch
19:45 Forging
26:52 Bloodlines
29:11 Double-Bit Axe
32:26 Castle Age
31:34 Gold Mining
32:32 Light Cavalry
33:34 Chain Barding Armor
38:20 Bow Saw
38:40 Pikeman
40:20 Scale Mail Armor
41:05 Wheelbarrow
43:25 Hand Cart
43:02 Stone Mining
43:39 Heavy Plow
47:19 Imperial Age
48:16 Chain Mail Armor
49:02 Chemistry
47:28 Capped Ram
49:35 Plate Mail Armor
49:40 Iron Casting
50:20 Halberdier
50:55 Elite Skirmisher
51:27 Fletching
51:38 Padded Archer Armor
52:41 Bodkin Arrow
53:02 Leather Archer Armor
53:09 Ballistics
57:33 Stone Shaft Mining
59:52 Blast Furnace
DemonSheep
4:15 Loom
12:31 Feudal Age
13:15 Double-Bit Axe
15:36 Fletching
25:47 Wheelbarrow
29:01 Castle Age
27:40 Horse Collar
27:52 Gold Mining
29:03 Crossbowman
29:56 Bow Saw
29:46 Bodkin Arrow
31:03 Town Watch
38:10 Hand Cart
41:43 Imperial Age
41:14 Thumb Ring
41:38 Padded Archer Armor
44:18 Chemistry
44:14 Ballistics
47:15 Arbalester
47:57 Bracer
52:56 Siege Engineers
58:37 Leather Archer Armor
59:55 Ring Archer Armor
Connection lost

Rejoining the realm…

Still unreachable

The connection could not be restored.

Session expired

The server has moved on; the page needs a fresh start.